 Dungeon Crawl Stone Soup version 0.31-a0-188-g5e087ee2ca (webtiles) character file.

Game seed: 6247244858844127743

44 qw the Shooter (level 3, -5/20 HPs)
             Began as a Deep Elf Hunter on June 23, 2023.
             Slain by a worm (9 damage)
             ... on level 2 of the Dungeon.
             The game lasted 00:00:20 (879 turns).

qw the Shooter (Deep Elf Hunter)                     Turns: 879, Time: 00:00:21

Health: -5/20      AC:  3    Str: 10    XL:     3   Next: 39%
Magic:  5/5        EV: 12    Int: 13    God:
Gold:   17         SH:  0    Dex: 18    Spells: 2/2 levels left

rFire   . . .        Y - +0 shortbow
rCold   . . .        (shield currently unavailable)
rNeg    . . .        c - +0 leather armour
rPois   .            (no helmet)
rElec   .            (no cloak)
rCorr   .            (no gloves)
SInv    .            (no boots)
Will    .....        (no amulet)
Stlth   ++           (no ring)
HPRegen 0.23/turn    (no ring)
MPRegen 0.09/turn

%: no passive effects
@: mighty
A: no striking features
a: no special abilities


You were on level 2 of the Dungeon.
You visited 1 branch of the dungeon, and saw 2 of its levels.

You collected 17 gold pieces.


   Skills:
 - Level 1.5 Fighting
 + Level 7.0 Ranged Weapons
 - Level 2.4 Dodging
 - Level 1.2 Stealth


You had 2 spell levels left.
You didn't know any spells.
Your spell library was empty.

Inventory:

Hand Weapons
 Y - a +0 shortbow (weapon)
Armour
 c - a +0 leather armour (worn)
Scrolls
 e - a scroll of identify
Potions
 f - a potion of heal wounds {unknown}
 g - a potion of curing
 h - 2 potions of might

Dungeon Overview and Level Annotations

Branches:
Dungeon (2/15)

Altars:

Shops:
D:1 (


Message History

You kill the bat!
Your Ranged Weapons skill increases to level 7!
You now have 17 gold pieces (gained 7).
A worm comes into view.
You shoot an arrow. The arrow hits the worm.
The worm is moderately wounded.
You shoot an arrow. The arrow hits the worm.
The worm is heavily wounded.
You shoot an arrow. The arrow hits the worm.
The worm is heavily wounded.
You shoot an arrow.
The arrow hits the worm but does no damage.
The worm is heavily wounded.
The worm bites you!
You shoot an arrow.
The arrow hits the worm but does no damage.
The worm is heavily wounded.
The worm closely misses you.
You shoot an arrow. The arrow hits the worm.
The worm is heavily wounded.
You shoot an arrow. The arrow barely misses the worm.
The worm barely misses you.
You shoot an arrow. The arrow hits the worm.
The worm is severely wounded.
The worm closely misses you.
You shoot an arrow.
The arrow hits the worm but does no damage.
The worm is heavily wounded.
You shoot an arrow.
The arrow hits the worm but does no damage.
The worm is heavily wounded.
The worm bites you!
You shoot an arrow. The arrow hits the worm.
The worm is severely wounded.
The worm bites you.
You shoot an arrow. The arrow barely misses the worm.
You shoot an arrow. The arrow hits the worm.
The worm is almost dead.
The worm bites you!
You die...

.. #. #. #. #.
#.
#.#w###########
#..@.........#
#.###.#######.#
#.# #.# #.# #.#
#.# #.# #.# #.#
#.# #.# #.#
#.####.## #.#
#.<......


You could see a worm.

Vanquished Creatures
  3 dart slugs (D:1)
  4 ball pythons (D:1)
  5 bats
  4 endoplasms (D:1)
  A giant cockroach (D:1)
  2 hobgoblins (D:1)
  4 jackals (D:1)
  3 frilled lizards (D:1)
  A goblin (D:1)
  4 kobolds (D:1)
  5 rats (D:1)
36 creatures vanquished.

Notes
Turn   | Place    | Note
-------+----------+-------------------------------------------
     0 | D:1      | qw the Deep Elf Hunter began the quest for the Orb.
     0 | D:1      | Reached XP level 1. HP: 12/12 MP: 3/3
     0 | D:1      | 0 ||| qw: Version: 0.3-a-9-g12657ce
     0 | D:1      | 0 ||| qw: Game counter: 4018
     0 | D:1      | 0 ||| qw: Always use a shield: true
     0 | D:1      | 0 ||| qw: God list: Okawaru
     0 | D:1      | 0 ||| qw: Allow faded altars: false
     0 | D:1      | 0 ||| qw: Do Orc after D:15 true
     0 | D:1      | 0 ||| qw: Do second Lair branch before Depths: true
     0 | D:1      | 0 ||| qw: Lair rune preference: random
     0 | D:1      | 0 ||| qw: Plans: Normal
     0 | D:1      | 0 ||| PLANNING D:1-11
   103 | D:1      | Reached XP level 2. HP: 16/16 MP: 4/4
   127 | D:1      | Reached skill level 6 in Ranged Weapons
   300 | D:1      | Reached XP level 3. HP: 16/20 MP: 5/5
   324 | D:1      | Found Goledit's Weapon Emporium.
   812 | D:1      | 812 ||| READING 2 scrolls labelled CAGIET NURYEHY.
   813 | D:1      | 813 ||| READING 2 scrolls labelled JAX VUMEXOEBA.
   814 | D:1      | 814 ||| DRINKING 2 sedimented red potions.
   815 | D:1      | 815 ||| DRINKING 3 bubbling clear potions.
   816 | D:1      | 816 ||| DROPPING scroll of vulnerability.
   817 | D:1      | 817 ||| DROPPING scroll of butterflies.
   847 | D:2      | Reached skill level 7 in Ranged Weapons
   876 | D:2      | HP: 4/20 [worm (8)]
   879 | D:2      | Slain by a worm

Levels and vault maps discovered:
D:1:      spicycebolla_green_bress_n_ham_2, layout_loops_ring, serial_shops,
          nicolae_shop_real_fake_doors, minivault_25, minmay_tromino_v7
D:2:      cheibrodos_pilgrimage, layout_loops_ring

Skill      XL: |  1  2  3 |
---------------+----------+-----
Ranged Weapons | 6 7 |  7.0
Fighting       | |  1.5
Dodging        | |  2.4
Stealth        | |  1.2

Action                     || total
---------------------------++-------
   Fire: Shortbow          ||    87
    Use: Scroll            ||     2
         Potion            ||     2
 Armour: Leather armour    ||     5
  Dodge: Dodged            ||    17

Table legend:
 A = Non-vault XP
 B = Vault XP
 C = Vault XP percentage of total XP
 D = Non-vault monster count
 E = Vault monster count
 F = Vault count percentage of total count
                 A         B        C        D         E       F
            +---------+---------+-------+---------+---------+-------
      Total |      58 |       5 |   7.9 |      33 |       3 |   8.3
            +---------+---------+-------+---------+---------+-------
        D:1 |      57 |       5 |   8.1 |      32 |       3 |   8.6
        D:2 |       1 |       0 |   0.0 |       1 |       0 |   0.0
            +---------+---------+-------+---------+---------+-------
